 Dungeon Crawl Stone Soup version 0.31-a0-876-gfe8ebadbca (webtiles) character file.

Game seed: 11625843037885762264

213 BinkBink the Conjurer (level 5, -12/31 HPs)
             Began as an Octopode Conjurer on Oct 13, 2023.
             Killed by divine providence
             ... invoked by an orc priest
              (14 damage)
             ... on level 3 of the Dungeon.
             The game lasted 00:06:22 (3695 turns).

BinkBink the Conjurer (Octopode Conjurer)           Turns: 3695, Time: 00:06:22

Health: -12/31     AC:  1    Str:  6    XL:     5   Next: 90%
Magic:  5/11       EV: 13    Int: 23    God:
Gold:   59         SH:  0    Dex: 10    Spells: 11/12 levels left

rFire   . . .        (no weapon)
rCold   . . .        (no shield)
rNeg    . . .        (helmet restricted)
rPois   .            (no amulet)
rElec   .            d - ring of resist corrosion
rCorr   +            m - ring of wizardry
SInv    .            (no ring)
Will    .....        (no ring)
Stlth   +++          (no ring)
HPRegen 0.25/turn    (no ring)
MPRegen 0.12/turn    (no ring)
                     (no ring)

%: wizardry (x1)
@: no status effects
A: almost no armour, amphibious, 8 rings, camouflage 1, gelatinous body 1,
(nimble swimmer 1), tentacles
a: no special abilities


You were on level 3 of the Dungeon.
You visited 1 branch of the dungeon, and saw 3 of its levels.

You collected 59 gold pieces.

Inventory:

Jewellery
 d - a ring of resist corrosion (left tentacle)
 m - a ring of wizardry (right tentacle)
Scrolls
 i - 2 scrolls of identify {unknown}
 k - a scroll of silence {unknown}
 l - a scroll of enchant weapon {unknown}
Potions
 a - a potion of magic
 b - 3 potions of enlightenment {unknown}
 c - 2 potions of degeneration {unknown}
 g - 2 potions of cancellation {unknown}
 h - a potion of haste {unknown}
 j - a potion of resistance {unknown}


   Skills:
 - Level 2.0 Dodging
 - Level 2.6 Stealth
 + Level 4.0 Spellcasting
 + Level 5.6 Conjurations


You had 11 spell levels left.
You knew the following spells:

 Your Spells              Type           Power      Damage    Failure   Level
a - Magic Dart            Conj           100%       1d8       1%          1

Your spell library contained the following spells:

 Spells                   Type           Power      Damage    Failure   Level
 Kiss of Death            Conj/Necr      68%        2d10      1%          1
 Searing Ray              Conj           60%        2d6       1%          2
 Apportation              Tloc           8%         N/A       4%          1
 Necrotise                Necr           16%        1d4       4%          1
 Dazzling Flash           Conj/Hex       34%        N/A       4%          3
 Jinxbite                 Hex            8%         N/A       6%          2
 Confusing Touch          Hex            4%         N/A       12%         3
 Inner Flame              Hex/Fire       4%         N/A       12%         3
 Tukima's Dance           Hex            4%         N/A       12%         3
 Vampiric Draining        Necr           4%         2d6       12%         3
 Fulminant Prism          Conj/Hex       8%         3d6       13%         4
 Iskenderun's Mystic Bla  Conj/Tloc      17%        2d5       13%         4
 Dispel Undead            Necr           4%         3d7       38%         4
 Passage of Golubria      Tloc           4%         N/A       38%         4
 Agony                    Necr           4%         N/A       71%         5
 Alistair's Intoxication  Tmut/Pois      2%         N/A       71%         5
 Yara's Violent Unravell  Hex/Tmut       2%         3d3       71%         5
 Enfeeble                 Hex            2%         N/A       100%        7


Dungeon Overview and Level Annotations

Branches:
Dungeon (3/15)

Altars:

Shops:
D:1 =


Innate Abilities, Weirdness & Mutations

You cannot wear most types of armour.
You are amphibious.
You can wear up to eight rings at the same time.
Your skin changes colour to match your surroundings (Stealth+).
Your rubbery body absorbs attacks. (AC +1, EV +1)
((You are camouflaged when in or above water. (Stealth+)))
You have tentacles for arms and can constrict up to eight enemies at once.


Message History

Aim: an orc priest, wielding a +0 club and wearing a +0 ring mail (heavily wounded, 100% to hit)
The magic dart hits the orc priest.
The orc priest is almost dead.
Casting: Magic Dart (safe; 1% risk of failure)
Confirm with . or Enter, or press ? or * to list all spells.
Aiming: Magic Dart (safe; 1% risk of failure)
Press: ? - help, Shift-Dir - straight line, f/p - orc priest
Aim: an orc priest, wielding a +0 club and wearing a +0 ring mail (almost dead, 100% to hit)
The magic dart hits the orc priest but does no damage.
The orc priest is almost dead.
The orc priest calls down the wrath of Beogh upon you.
Pain shoots through your body!
Unknown command.
You tentacle-slap the orc priest but do no damage.
Your grab misses the orc priest.
The orc priest is almost dead.
The orc priest barely misses you.
You tentacle-slap the orc priest but do no damage.
Your grab misses the orc priest.
The orc priest is almost dead.
The orc priest mumbles some strange prayers to Beogh against you.
Pain shoots through your body!
You tentacle-slap the orc priest but do no damage.
Your grab misses the orc priest.
The orc priest is almost dead.
The orc priest hits you with a +0 club.
You barely miss the orc priest. Your grab misses the orc priest.
Your tentacle-slap misses the orc priest.
You squeeze the orc priest, but do no damage.
The orc priest is almost dead.
The orc priest calls down the wrath of Beogh upon you.
Beogh smites you!
* * * LOW HITPOINT WARNING * * *
Okay, then.
You tentacle-slap the orc priest but do no damage.
Your grab misses the orc priest.
The orc priest is almost dead.
The orc priest mumbles some strange prayers to Beogh against you.
Beogh smites you!
You die...

####### #.# # #.# # #.#
## #.### .## #...# .[##
#####.# ...## ##.###.#
....####...##.#######...
....'...........@og.....
....####...##.########..
...## ##.###.# ..##
#####)# .## #..).# ##
#.#).# # #...## # ##.##
###### #.#


You could see an orc priest and a hobgoblin.

Vanquished Creatures
  An orc priest (D:3)
  An orc wizard (D:3)
  2 adders (D:2)
  4 gnolls (D:3)
  2 orcs (D:3)
  3 endoplasms
  A giant cockroach (D:1)
  31 goblins
  9 hobgoblins
  8 jackals
  10 kobolds
  2 quokkas
  3 ball pythons
  7 bats
  4 frilled lizards
  6 rats
94 creatures vanquished.

Notes
Turn   | Place    | Note
-------+----------+-------------------------------------------
     0 | D:1      | BinkBink the Octopode Conjurer began the quest for the Orb.
     0 | D:1      | Reached XP level 1. HP: 11/11 MP: 3/3
   181 | D:1      | Reached XP level 2. HP: 17/17 MP: 3/5
   354 | D:1      | Found Bivek's Jewellery Shoppe.
   661 | D:1      | Reached XP level 3. HP: 15/21 MP: 1/6
  1636 | D:2      | Reached XP level 4. HP: 27/27 MP: 5/8
  2411 | D:3      | Reached skill level 5 in Conjurations
  2945 | D:3      | Reached XP level 5. HP: 31/31 MP: 0/10
  3695 | D:3      | Killed from afar by an orc priest

Illustrated notes

Levels and vault maps discovered:
D:1:      dpeg_arrival_pits, layout_loops_ring, serial_shops,
          nicolae_shop_tiny_real_fake_doors, hangedman_decor_diamond_cutter
D:2:      kennysheep_the_goblin_king, layout_basic, hex_intersection
D:3:      minmay_goblin_kobold_castle, layout_loops_corners,
          uniq_crazy_yiuf_cottage

Skill      XL: |  1  2  3  4  5 |
---------------+----------------+-----
Spellcasting   | 3 4 |  4.0
Conjurations   | 5 |  5.6
Dodging        | |  2.0
Stealth        | |  2.6

Action                     |  1- 3 |  4- 6 || total
---------------------------+-------+-------++-------
  Melee: Unarmed           |    18 |    13 ||    31
         Tentacles         |     5 |     2 ||     7
         Constrict         |     3 |     2 ||     5
   Cast: Magic Dart        |    69 |   116 ||   185
    Use: Scroll            |       |     2 ||     2
 Armour: Skin              |     7 |    24 ||    31
  Dodge: Dodged            |    18 |    27 ||    45

Table legend: (Time is in decaauts)
 A = Elapsed time spent in this place.
 B = Non-inter-level travel time spent in this place.
 C = Inter-level travel time spent in this place.
 D = Time resting spent in this place.
 E = Time spent auto-exploring this place.
 F = Levels seen in this place.
 G = Mean time per level.
                   A        B        C        D        E       F      G
               +--------+--------+--------+--------+--------+-----+--------+
         Total |   3693 |   3655 |     38 |    276 |   2955 |   3 | 1231.0 |
       Dungeon |   3693 |   3655 |     38 |    276 |   2955 |   3 | 1231.0 |
               +--------+--------+--------+--------+--------+-----+--------+

Top non-repeatable levels by time:
     D:3: 1292 daAuts
     D:2: 1280 daAuts
     D:1: 1120 daAuts
